AoeStats
← Rusker

Oasis

508600484Analyzed
3v3 RM · 7d ago on Sep 23, 2026· 58m 8s· 6 players
Game mode
Random Map
Map size
Normal (6 player)
Population
200
Speed
Normal
Resources
Standard
Victory
Conquest
Starting age
Dark Age
Ending age
Imperial Age
RankedLock teamsTeams togetherTeam positionsShared explorationLock speedFull tech treeHidden civsTurbo modeCheats
Victory
Defeat
🇺🇸 Sicilians · United States
1013
+10
🇺🇸 Saxons · United States
847
+16
🇺🇸 Varangians · United States
599
+26
🇬🇧 Varangians · United Kingdom
919
-20
🇿🇦 Bulgarians · South Africa
908
-20
720
-12
TFRaptor22
9:56 Loom
12:27 Feudal Age
15:13 Scale Mail Armor
19:52 Fletching
26:27 Castle Age
29:02 Chain Mail Armor
28:58 Forging
28:44 Bodkin Arrow
30:18 Double-Bit Axe
34:35 Wheelbarrow
38:08 Hand Cart
43:28 Imperial Age
41:48 Gambesons
42:03 Squires
41:49 Arson
44:26 Town Watch
45:01 Horse Collar
46:54 Plate Mail Armor
47:00 Iron Casting
48:54 Conscription
50:06 Elite Serjeant
51:57 Blast Furnace
51:10 Gold Mining
Rusker
8:57 Loom
11:02 Feudal Age
21:54 Castle Age
20:24 Fletching
24:03 Crossbowman
24:44 Bodkin Arrow
25:06 Double-Bit Axe
29:42 Ballistics
29:19 Murder Holes
35:20 Horse Collar
39:25 Heavy Plow
39:19 Gold Mining
42:07 Imperial Age
40:15 Wheelbarrow
42:09 Hand Cart
43:06 Bow Saw
43:23 Conscription
42:30 Shield Wall
42:34 Elite Hearth Troop
44:05 Caravan
46:32 Chemistry
45:48 Forging
45:38 Scale Mail Armor
45:39 Bracer
49:44 Two-Man Saw
49:33 Iron Casting
49:14 Chain Mail Armor
49:59 Crop Rotation
55:19 Arrowslits
55:45 Thumb Ring
56:13 Plate Mail Armor
domowenss
10:22 Feudal Age
13:50 Wheelbarrow
18:00 Castle Age
16:35 Horse Collar
17:40 Man-at-Arms
26:21 Gold Mining
26:26 Stone Mining
27:20 Double-Bit Axe
29:25 Bow Saw
34:28 Hand Cart
36:29 Padded Archer Armor
36:21 Fletching
36:44 Forging
36:35 Scale Mail Armor
36:40 Scale Barding Armor
36:43 Caravan
37:56 Bodkin Arrow
38:18 Leather Archer Armor
40:57 Imperial Age
39:01 Bloodlines
38:51 Husbandry
38:12 Light Cavalry
41:16 Murder Holes
42:11 Iron Casting
41:52 Chain Mail Armor
41:58 Chain Barding Armor
41:39 Bracer
42:10 Ring Archer Armor
52:19 Squires
52:05 Gambesons
51:53 Man-at-Arms
51:53 Pikeman
51:55 Elite Varangian Guard
51:59 Man-at-Arms
53:37 Conscription
52:54 Long Swordsman
53:03 Long Swordsman
54:42 Two-Handed Swordsman
56:02 Bracer
56:23 Halberdier
Dugstep1876
8:11 Loom
10:43 Feudal Age
21:58 Castle Age
22:29 Crossbowman
打死你们这些外国人
0:40 Loom
13:43 Feudal Age
15:19 Wheelbarrow
14:39 Double-Bit Axe
14:38 Horse Collar
15:31 Stone Mining
15:35 Gold Mining
23:19 Castle Age
22:33 Arson
23:02 Forging
22:54 Scale Mail Armor
23:51 Fletching
25:00 Hand Cart
24:48 Heavy Plow
25:02 Bow Saw
25:45 Gold Shaft Mining
26:37 Iron Casting
27:04 Chain Mail Armor
27:13 Gambesons
27:29 Squires
27:24 Treadmill Crane
28:06 Ballistics
27:57 Town Watch
30:35 Caravan
37:28 Imperial Age
38:02 Elite Varangian Guard
42:04 Conscription
41:49 Shield Wall
43:15 Plate Mail Armor
Hondkop
0:27 Loom
12:51 Feudal Age
15:28 Scale Mail Armor
15:39 Forging
24:52 Castle Age
25:53 Fletching
26:20 Chain Mail Armor
26:41 Iron Casting
29:42 Elite Skirmisher
31:12 Padded Archer Armor
31:57 Leather Archer Armor
Connection lost

Rejoining the realm…

Still unreachable

The connection could not be restored.

Session expired

The server has moved on; the page needs a fresh start.